 Dungeon Crawl Stone Soup version 0.26-a0-638-gcca6ad1b57 (webtiles) character file.

Game seed: 3429215910931962891

1224 DogServant the Quickloader (level 8, -6/52 HPs)
             Began as a Kobold Hunter on Sept 14, 2020.
             Was a Follower of Fedhas.
             Mangled by an ogre
             ... wielding a +0 giant club
              (24 damage)
             ... on level 6 of the Dungeon.
             The game lasted 00:17:16 (8802 turns).

DogServant the Quickloader (Kobold Hunter)          Turns: 8802, Time: 00:17:17

Health: -6/52      AC:  3    Str: 11    XL:     8   Next: 76%
Magic:  11/11      EV: 17    Int: 13    God:    Fedhas [*.....]
Gold:   260        SH:  0    Dex: 15    Spells: 9/12 levels left

rFire    . . .     SeeInvis .   a - +2 hand crossbow
rCold    . . .     Faith    .   (shield restricted)
rNeg     . . .     Spirit   .   c - +0 leather armour
rPois    .         Reflect  .   (no helmet)
rElec    .         Harm     .   C - scarf {repulsion}
rCorr    .         Rampage  .   (no gloves)
MR       .....                  (no boots)
Stlth    +++.......             (no amulet)
HPRegen  0.17/turn              (no ring)
MPRegen  0.12/turn              (no ring)

@: repel missiles
A: small, nightstalker 3
a: Renounce Religion


You were on level 6 of the Dungeon.
You worshipped Fedhas.
Fedhas was aware of your devotion.
You visited 2 branches of the dungeon, and saw 7 of its levels.
You also visited: Sewer.

You collected 260 gold pieces.

Inventory:

Hand Weapons
 a - a +2 hand crossbow (weapon)
 g - a +0 hunting sling
 r - a +1 short sword of protection
Missiles
 d - 48 bolts (quivered)
 e - 29 poisoned darts
Armour
 c - a +0 leather armour (worn)
 y - a +1 pair of gloves
 A - a +0 helmet
 C - a scarf of repulsion (worn)
Jewellery
 h - a +6 ring of intelligence {unknown}
 l - a cursed amulet of inaccuracy {unknown}
 n - an uncursed ring of wizardry {unknown}
 B - an uncursed amulet of reflection {unknown}
 E - an uncursed ring of poison resistance {unknown}
 F - a +6 ring of intelligence {unknown}
 M - a cursed amulet of reflection {unknown}
 N - an uncursed ring of see invisible {unknown}
Wands
 p - a wand of iceblast (10)
 s - a wand of acid (9)
 H - a wand of digging (8)
 K - a wand of paralysis (11)
 L - a wand of random effects (21)
Scrolls
 b - a scroll of remove curse
 f - 5 scrolls of teleportation
 j - 2 scrolls of fear
 o - 2 scrolls of immolation
 v - a scroll of enchant weapon
 D - 3 scrolls of identify {unknown}
 I - a scroll of acquirement {unknown}
Potions
 i - 3 potions of flight {unknown}
 k - 2 potions of mutation {unknown}
 m - 2 potions of resistance {unknown}
 q - 2 potions of ambrosia {unknown}
 t - a potion of stabbing {unknown}
 u - 2 potions of degeneration {unknown}
 w - 2 potions of invisibility {unknown}
 x - 2 potions of curing
 z - a potion of might {unknown}
 G - a potion of lignification {unknown}
 J - a potion of haste {unknown}


   Skills:
 + Level 6.4 Fighting
 - Level 8.1 Crossbows
 - Level 5.4 Dodging
 - Level 3.2 Stealth
 + Level 2.5 Spellcasting
 + Level 2.4 Ice Magic


You had 9 spell levels left.
You knew the following spells:

 Your Spells              Type           Power        Failure   Level
a - Frozen Ramparts       Ice            #.....       34%         3

Your spell library contained the following spells:

 Spells                   Type           Power        Failure   Level
 Summon Ice Beast         Ice/Summ       #.......     88%         4
 Metabolic Englaciation   Hex/Ice        #.........   99%         5


Dungeon Overview and Level Annotations

Branches:
Dungeon (6/15)             Temple (1/1) D:4           Sewer (visited)

Altars:
Ashenzari
Cheibriados
Dithmenos
Fedhas
Gozag
Hepliaklqana
Kikubaaqudgha
Makhleb
Nemelex Xobeh
Okawaru
Qazlal
Ru
Uskayaw
Vehumet
Wu Jian
Xom
Yredelemnul
Zin
The Shining One

Shops:
D:6 *


Innate Abilities, Weirdness & Mutations

You are small and have problems with some larger weapons.
You are completely attuned to the shadows.


Message History

The ogre hits you with a +0 giant club.
You closely miss the ogre.
The ogre is moderately wounded.
The ogre hits you with a +0 giant club!
You hit the ogre.
The ogre is heavily wounded.
You hit the ogre but do no damage.
The ogre is heavily wounded.
The ogre misses you.
Your +1 short sword of protection goes still.
a - a +2 hand crossbow (weapon)
The ogre hits you with a +0 giant club!
Firing (i - inventory. (/) - cycle)
d - 49 bolts (quivered)
Press: ? - help, Shift-Dir - straight line, f - ogre
Aim: an ogre, wielding a +0 giant club (heavily wounded)
You shoot a bolt. The bolt hits the ogre.
The ogre is heavily wounded.
The ogre hits you with a +0 giant club!!
You die...
Fedhas appreciates your contribution to the ecosystem.

....###
#.##.##.###
......#
#.........#
.##.#.######
#...##.#.#
.##.#.......
. #.#.#
....#.......
#.. ...#.#
##..#.......
#..##..#.#
.......<....
#......#.#
#####.......
#.......#
#.......
#@#.#.##
#.......
#O....#
########
#..#..#
#.(...#
#.#.#.#
#.....#
###.### #.#
..#


You could see an ogre.

Vanquished Creatures
  An ice beast (D:5)
  A phantom (D:6)
  Purgy (Sewer)
  An ogre (D:6)
  2 bullfrogs (D:6)
  A bullfrog zombie (D:5)
  A hound (D:4)
  2 orc priests
  2 orc wizards
  Crazy Yiuf (D:3)
  A bullfrog skeleton (D:6)
  4 iguanas
  Jessica (D:6)
  2 worker ants (D:5)
  A worker ant zombie (D:5)
  9 gnolls
  10 adders
  A shadow imp (D:6)
  A white imp (D:5)
  An ufetubus (D:5)
  3 worms
  2 dart slugs
  10 leopard geckos
  13 orcs
  4 giant cockroaches (D:4)
  11 goblins
  11 hobgoblins
  2 jackals (D:2)
  15 kobolds
  A quokka (D:3)
  2 ball pythons
  A ball python skeleton (D:4)
  7 bats
  5 frilled lizards
  A jackal skeleton (D:5)
  12 rats
144 creatures vanquished.

Vanquished Creatures (others)
  2 fungi (D:3)
  3 plants (D:3)
5 creatures vanquished.

Grand Total: 149 creatures vanquished

Notes
Turn   | Place    | Note
-------+----------+-------------------------------------------
     0 | D:1      | DogServant the Kobold Hunter began the quest for the Orb.
     0 | D:1      | Reached XP level 1. HP: 12/12 MP: 1/1
    56 | D:1      | Reached skill level 5 in Crossbows
   169 | D:1      | Reached XP level 2. HP: 18/18 MP: 2/2
   763 | D:1      | Reached XP level 3. HP: 22/22 MP: 3/3
  1705 | D:2      | Found a radiant altar of Vehumet.
  2074 | D:2      | Found a shadowy altar of Dithmenos.
  2077 | D:2      | Reached skill level 6 in Crossbows
  2077 | D:2      | Reached XP level 4. HP: 28/28 MP: 4/4
  3359 | D:3      | Found a shattered altar of Ashenzari.
  3431 | D:3      | Reached XP level 5. HP: 32/32 MP: 5/5
  3590 | D:3      | Found a snail-covered altar of Cheibriados.
  4083 | D:3      | Found a faded altar of an unknown god.
  4671 | D:3      | Found an ancient bone altar of Kikubaaqudgha.
  4671 | D:3      | Found an ornate altar of the Wu Jian Council.
  4985 | D:3      | Found a runed translucent door.
  4988 | D:3      | Noticed Crazy Yiuf
  4995 | D:3      | Killed Crazy Yiuf
  4995 | D:3      | Reached XP level 6. HP: 23/38 MP: 6/6
  5167 | D:4      | Reached skill level 7 in Crossbows
  5447 | D:4      | Found a glowing drain.
  5451 | Sewer    | Entered a sewer
  5458 | Sewer    | Noticed Purgy
  5786 | Sewer    | Killed Purgy
  5786 | Sewer    | Reached XP level 7. HP: 37/44 MP: 7/7
  6148 | D:4      | Found a stormy altar of Qazlal.
  6305 | D:4      | Found a staircase to the Ecumenical Temple.
  6512 | Temple   | Entered the Ecumenical Temple
  6605 | Temple   | Became a worshipper of Fedhas Madash
  6679 | D:5      | Entered Level 5 of the Dungeon
  6733 | D:5      | Reached skill level 5 in Fighting
  6780 | D:5      | Found a basalt altar of Yredelemnul.
  7123 | D:5      | Reached skill level 5 in Dodging
  7350 | D:5      | Reached skill level 8 in Crossbows
  7350 | D:5      | Reached XP level 8. HP: 49/49 MP: 8/8
  7567 | D:5      | Reached * piety under Fedhas
  7588 | D:5      | Found an iron altar of Okawaru.
  7690 | D:6      | Identified the Volume of the Snowflakes
  7706 | D:6      | Learned a level 3 spell: Frozen Ramparts
  7920 | D:6      | Reached skill level 1 in Spellcasting
  7920 | D:6      | Reached skill level 1 in Ice Magic
  8093 | D:6      | Found a sparkling altar of Nemelex Xobeh.
  8093 | D:6      | Noticed Jessica
  8098 | D:6      | Killed Jessica
  8124 | D:6      | Found an opulent altar of Gozag.
  8124 | D:6      | Found Gozag's Platinum Reserve.
  8802 | D:6      | Mangled by an ogre

Illustrated notes

Levels and vault maps discovered:
D:1:      nicolae_arrival_washed_ashore, layout_basic
D:2:      layout_basic, old_standard_altar, lemuel_round_altar
D:3:      layout_loops_corners, gammafunk_temple_overflow_forgotten,
          cheibriados_altar_1, chequers_ecumenical_altar_grove,
          uniq_crazy_yiuf_cottage
D:4:      layout_basic, grunt_qazlal_clouds, minmay_temple_entry_antechambers,
          gup_sewer_entry_spiral
D:5:      layout_rooms, yredelemnul_altar_generic, okawaru_altar_gauntlet_db
D:6:      layout_loops_cross, nicolae_gozag_zags_fifth_avenue,
          nemelex_lonely_heart_becter
Temple:   cyrus_temple_forest

Skill      XL: |  1  2  3  4  5  6  7  8 |
---------------+-------------------------+-----
Crossbows      | 5 6 7 8 |  8.1
Fighting       | 3 4 5 6 |  6.4
Dodging        | 3 4 5 |  5.4
Stealth        | 2 3 |  3.2
Spellcasting   | 2 |  2.5
Ice Magic      | 2 |  2.4

Action                   |  1- 3 |  4- 6 |  7- 9 || total
-------------------------+-------+-------+-------++-------
Melee: Short sword       |   147 |    65 |    62 ||   274
       Dagger            |       |   146 |       ||   146
 Fire: Hand crossbow     |     1 |    99 |   114 ||   214
Throw: Dart              |       |    10 |       ||    10
  Use: Scroll            |       |     6 |     3 ||     9
 Stab: Sleeping          |     6 |    20 |     4 ||    30
Armor: Leather armour    |    32 |    30 |    12 ||    74
Dodge: Dodged            |   126 |   175 |    89 ||   390
       Repelled          |       |       |     1 ||     1

Table legend: (Time is in decaauts)
 A = Elapsed time spent in this place.
 B = Non-inter-level travel time spent in this place.
 C = Inter-level travel time spent in this place.
 D = Time resting spent in this place.
 E = Time spent auto-exploring this place.
 F = Levels seen in this place.
 G = Mean time per level.
                   A        B        C        D        E       F      G
               +--------+--------+--------+--------+--------+-----+--------+
         Total |   8847 |   8581 |    266 |   1177 |   5881 |   8 | 1105.9 |
       Dungeon |   8330 |   8099 |    231 |   1075 |   5649 |   6 | 1388.3 |
        Temple |    128 |     93 |     35 |      0 |     76 |   1 |  128.0 |
         Sewer |    388 |    388 |      0 |    102 |    156 |   1 |  388.0 |
               +--------+--------+--------+--------+--------+-----+--------+

Top non-repeatable levels by time:
     D:3: 1975 daAuts
     D:2: 1752 daAuts
     D:1: 1429 daAuts
     D:6: 1118 daAuts
     D:4: 1035 daAuts
     D:5: 1018 daAuts
   Sewer: 388 daAuts
  Temple: 128 daAuts
